 Dungeon Crawl Stone Soup version 0.32-a0-918-g0f22ef8d61 (webtiles) character file.

Game seed: 5594421669126304163

411 smashvw the Changeling (level 6, -5/38 HPs)
             Began as an Octopode Shapeshifter on Apr 11, 2024.
             Killed from afar by Sigmund (8 damage)
             ... with a magic dart
             ... on level 4 of the Dungeon.
             The game lasted 00:07:04 (2294 turns).

smashvw the Changeling (Octopode Shapeshifter)      Turns: 2294, Time: 00:07:05

Health: -5/38      AC:  1    Str: 13    XL:     6   Next: 90%
Magic:  6/6        EV: 12    Int: 13    God:
Gold:   119        SH:  0    Dex: 13    Spells: 5/5 levels left

rFire   + .          .
                       - Unarmed
rCold   + . .        (no shield)
rNeg    . . .        (helmet currently unavailable)
rPois   +            (no amulet)
rElec   +            (no ring)
rCorr   +            (no ring)
SInv    .            (no ring)
Will    +....        (no ring)
Stlth   ++           (no ring)
HPRegen 0.26/turn    (no ring)
MPRegen 0.10/turn    (no ring)
                     (no ring)

%: no passive effects
@: beast-form, resistant, attractive, enlightened, flying
A: beast (slay +3), almost no armour, amphibious, 8 rings, camouflage 1,
gelatinous body 1, (nimble swimmer 1), tentacles
a: Begin Untransformation


You were on level 4 of the Dungeon.
You were a hulking beast.
You visited 1 branch of the dungeon, and saw 4 of its levels.

You collected 119 gold pieces.

Inventory:

Missiles
 i - 6 poisoned darts (quivered)
Talismans
 b - a beast talisman (active)
 c - a flux talisman
Scrolls
 e - 4 scrolls of teleportation {unknown}
 h - a scroll of revelation
 j - a scroll of brand weapon {unknown}
 k - a scroll of identify {unknown}
 l - a scroll of vulnerability {unknown}
 m - a scroll of enchant weapon {unknown}


   Skills:
 - Level 1.0 Fighting
 - Level 2.0 Dodging
 - Level 5.0 Unarmed Combat
 + Level 5.9 Shapeshifting


You had 5 spell levels left.
You didn't know any spells.
Your spell library was empty.

Dungeon Overview and Level Annotations

Branches:
Dungeon (4/15)
 Temple: D:4-7

Altars:

Annotations:
D:4 Sigmund


Innate Abilities, Weirdness & Mutations

You are a hulking beast.
Your limbs bulge with bestial killing power. (Slay +3)
You cannot wear most types of armour.
You are amphibious.
You can wear up to eight rings at the same time.
Your skin changes colour to match your surroundings (Stealth+).
Your rubbery body absorbs attacks. (AC +1, EV +1)
((You are camouflaged when in or above water. (Stealth+)))
You have tentacles for arms and can constrict up to eight enemies at once.


Message History

Something completely misses you.
You release your grip on the bombardier beetle.
You shake off some of the fire as you move.
The liquid fire burns you!
* * * LOW HITPOINT WARNING * * *
Something is attracted toward you.
You shake off the liquid fire.
Something barely misses you. Something is attracted toward you.
The bombardier beetle is attracted toward you.
Something hits you.
* * * LOW HITPOINT WARNING * * *
Something is attracted toward you.
The bombardier beetle is attracted toward you.
You reach down and open the door.
Found 6 gold pieces.
As you read the scroll labelled ZOOLUEKH TUUNN, it crumbles to dust.
You feel aware of your surroundings.
You sensed 1 altar.
It was a scroll of revelation.
Sigmund barely misses you.
The bombardier beetle sprays incendiary fluid at you.
The burning spray misses Sigmund.
The burning spray hits you.
You are covered in liquid fire!
Found a scroll labelled DOUCLO HINYOCHI.
Okay, then.
You shake off some of the fire as you move.
The liquid fire burns you!
* * * LOW HITPOINT WARNING * * *
Something hits you.
* * * LOW HITPOINT WARNING * * *
Something is attracted toward you.
There is an open door here.
You shake off the liquid fire.
Something is attracted toward you.
As you read the scroll labelled YDOTON IFERU, it crumbles to dust.
Your body is wracked with pain!
* * * LOW HITPOINT WARNING * * *
Something is bathed in an unholy light!
It was a scroll of torment.
You hear some strange, mumbled words.
A magic dart appears from out of thin air!
The magic dart hits you!
You die...

****** ####....* ******
**######.......### ,,,,,*
#......#.......### ,,,,,*
#.....?#...(######******** ,,,,,*
#......#....######,,,,,,,*
,,,,,**#...........######,*,,<*,*
,,,,,*,............######,*,***,*
,,,,,+,......>..h.$...?..,*,* *,*
,,,,,*,#...?...##{#.#####**,* *,*
,,,,,*,*,.#....##§#.####.,..***,*
,,,,,*,***##...B§...####.#..,,,,*
,,,,,*,* ###....).##.......,,,,*
,,,,,*,* ####......#.##.#..,**,*
,,,,,*,* ##S###.##.#.#.....,**,*
,,,,,*,* *#.#.##...........#,**,,
,,,,,+,***.#.#.#####...#...#,****


There were no monsters in sight!

Vanquished Creatures
  Grinder (D:3)
  2 orc priests
  Jessica (D:2)
  An orc wizard (D:4)
  Robin (D:2)
  An adder (D:2)
  A dart slug (D:1)
  5 orcs
  17 bats
  4 endoplasms
  15 goblins
  6 hobgoblins
  A quokka (D:3)
  9 ball pythons
  A frilled lizard (D:2)
  9 kobolds
  4 rats
79 creatures vanquished.

Notes
Turn   | Place    | Note
-------+----------+-------------------------------------------
     0 | D:1      | smashvw the Octopode Shapeshifter began the quest for the
                  | Orb.
     0 | D:1      | Reached XP level 1. HP: 13/13 MP: 1/1
   212 | D:1      | Reached XP level 2. HP: 8/18 MP: 2/2
   576 | D:2      | Reached XP level 3. HP: 23/23 MP: 3/3
   812 | D:2      | Noticed Robin
   986 | D:2      | Killed Robin
   993 | D:2      | Reached XP level 4. HP: 14/28 MP: 4/4
  1113 | D:2      | Found a faded altar of an unknown god.
  1114 | D:2      | Noticed Jessica
  1132 | D:2      | Killed Jessica
  1812 | D:3      | Noticed Grinder
  1830 | D:3      | Reached XP level 5. HP: 33/33 MP: 5/5
  1838 | D:3      | Killed Grinder
  1839 | D:3      | Reached skill level 5 in Unarmed Combat
  1839 | D:3      | Reached skill level 5 in Shapeshifting
  1839 | D:3      | Reached XP level 6. HP: 38/38 MP: 6/6
  2276 | D:4      | Identified the +0 hand axe of Bright Duty {speed, Fly Will-
                  | Int+3 Dex+3}
  2278 | D:4      | Noticed Sigmund
  2294 | D:4      | Killed from afar by Sigmund

Illustrated notes

Levels and vault maps discovered:
D:1:      wander_arrival_fairy_ring, layout_basic, serial_glass,
          glass_columns_a, glass_columns_a, item_on_display_a,
          due_unseen_surprise, minmay_3d_cube
D:2:      layout_basic, dreamdust_ecumenical_altar_angels_and_demons,
          nicolae_concentric_dashed_squares_wild, uniq_jessica, uniq_robin
D:3:      layout_basic, st_stairs_6, moated_statue, minmay_misc_feat_encased,
          roderic_batcave, uniq_grinder
D:4:      minmay_inner_zag, layout_basic, nicolae_overflow_hidden_temple,
          kennysheep_generic_room_8, uniq_crazy_yiuf_cottage, uniq_sigmund

Skill      XL: |  1  2  3  4  5 |
---------------+----------------+-----
Unarmed Combat | 4 5 |  5.0
Shapeshifting  | 4 5 |  5.9
Fighting       | |  1.0
Dodging        | |  2.0

Action                     |  1- 3 |  4- 6 || total
---------------------------+-------+-------++-------
  Melee: Unarmed           |    70 |    86 ||   156
         Constrict         |    15 |    20 ||    35
         Tentacles         |     8 |    11 ||    19
         Punch             |     1 |     3 ||     4
    Use: Potion            |       |     5 ||     5
         Scroll            |       |     2 ||     2
   Stab: Sleeping          |     9 |     1 ||    10
         Distracted        |     1 |       ||     1
 Armour: Skin              |    35 |    46 ||    81
  Dodge: Dodged            |    48 |    45 ||    93

Table legend: (Time is in decaauts)
 A = Elapsed time spent in this place.
 B = Non-inter-level travel time spent in this place.
 C = Inter-level travel time spent in this place.
 D = Time resting spent in this place.
 E = Time spent auto-exploring this place.
 F = Levels seen in this place.
 G = Mean time per level.
                   A        B        C        D        E       F      G
               +--------+--------+--------+--------+--------+-----+--------+
         Total |   2285 |   2255 |     30 |    128 |   1672 |   4 |  571.2 |
       Dungeon |   2285 |   2255 |     30 |    128 |   1672 |   4 |  571.2 |
               +--------+--------+--------+--------+--------+-----+--------+

Top non-repeatable levels by time:
     D:2: 875 daAuts
     D:1: 715 daAuts
     D:3: 658 daAuts
     D:4: 35 daAuts
